 Dungeon Crawl Stone Soup version 0.29.1-12-g30fa7ad0bf (webtiles) character file.

Game seed: 6677315104858865206

439 hawla the Chiller (level 7, -1/47 (52) HPs)
             Began as a Meteoran Ice Elementalist on Dec 12, 2022.
             Slain by a wight
             ... wielding a +2 short sword
              (3 damage)
             ... on level 4 of the Dungeon.
             The game lasted 00:05:02 (821 turns).

hawla the Chiller (Meteoran Ice Elementalist)        Turns: 821, Time: 00:05:03

HP:   -1/47 (52)    AC:  2    Str:  9    XL:     7   Next: 46%
MP:   1/15          EV: 13    Int: 19    God:
Gold: 107           SH:  0    Dex: 15    Spells: 8/16 levels left

rFire   . . .      SeeInvis .   e - +0 long sword
rCold   . . .      Faith    .   (no shield)
rNeg    . . .      Spirit   .   a - +0 robe
rPois   .          Reflect  .   (no helmet)
rElec   .          Harm     .   (no cloak)
rCorr   .          Rampage  .   (no gloves)
Will    .....                   (no boots)
Stlth   +.........              (no amulet)
HPRegen 0.15/turn               (no ring)
MPRegen 0.14/turn               (no ring)

@: about to teleport, freezing walls, glowing, drained
A: sense surroundings 1, otherworldly, glowing, explore regen
a: no special abilities


You were on level 4 of the Dungeon.
You visited 1 branch of the dungeon, and saw 4 of its levels.

You collected 107 gold pieces.

Inventory:

Hand Weapons
 e - a +0 long sword (weapon)
Armour
 a - a +0 robe (worn)
Scrolls
 d - a scroll of identify {unknown}
 g - a scroll of vulnerability {unknown}
Potions
 b - a potion of magic
 f - a potion of haste {unknown}


   Skills:
 - Level 1.0 Fighting
 - Level 0.5 Long Blades
 - Level 3.4 Dodging
 - Level 1.4 Stealth
 - Level 5.3 Spellcasting
 + Level 3.2 Conjurations
 - Level 6.4 Ice Magic


You had 8 spell levels left.
You knew the following spells:

 Your Spells              Type           Power      Damage    Failure   Level
a - Freeze                Ice            100%       1d11      1%          1
b - Frozen Ramparts       Ice            58%        1d9       2%          3
c - Hailstorm             Conj/Ice       23%        3d7       16%         4

Your spell library contained the following spells:

 Spells                   Type           Power      Damage    Failure   Level
 Ozocubu's Armour         Ice            29%        N/A       2%          3
 Tukima's Dance           Hex            5%         N/A       36%         3
 Passage of Golubria      Tloc           5%         N/A       77%         4
 Yara's Violent Unravell  Hex/Tmut       2%         3d3       98%         5


Dungeon Overview and Level Annotations

Branches:
Dungeon (4/15) Zot: 1572
 Temple: D:4-7

Altars:


Innate Abilities, Weirdness & Mutations

You passively map a small area around you.
You are easily found by Zot.
You glow in the dark.
You regain HP and MP as you explore.


Message History

The wight is heavily damaged.
The wight completely resists.
The wall freezes the wight but does no damage.
The wight resists.
The wall freezes the wight.
You closely miss the wight.
The wight is severely damaged.
The wall freezes the wight but does no damage.
The wight hits you from afar with a +2 trident!
The wight completely resists.
The wall freezes the wight but does no damage.
The wight hits you with a +2 short sword!
You feel drained.
You barely miss the wight.
The wight is severely damaged.
The wight resists.
The wall freezes the wight.
The wight hits you from afar with a +2 trident.
You feel drained.
The wight completely resists.
The wall freezes the wight but does no damage.
The wight misses you.
The wall freezes the wight but does no damage.
The wight completely misses you.
The wight completely resists.
The wall freezes the wight but does no damage.
The wight hits you from afar with a +2 trident.
You feel drained.
You hit the wight but do no damage.
The wight is severely damaged.
The wight completely resists.
The wall freezes the wight but does no damage.
The wight barely misses you.
The wight completely resists.
The wall freezes the wight but does no damage.
The wight hits you with a +2 short sword.
* * * LOW HITPOINT WARNING * * *
As you read the scroll of teleportation, it crumbles to dust.
You feel strangely unstable.
The wight resists.
The wall freezes the wight.
The wight barely misses you.
The wight completely resists.
The wall freezes the wight but does no damage.
The wight hits you with a +2 short sword!
* * * LOW HITPOINT WARNING * * *
You feel drained.
You die...

, #...# ...#
##......, ##
...# #.......
.## #..#
#......# ..##
#..# #......*
...## #)z#
#.....# #...#
#..# #.....#
##..## ##z@#
##.....# #...##
#...# #....))#
##...# #...##
##......# #...##
#....###.......#
#....##
#..............#
#.....##
##.........)...#
#......##
##............##
#.......##
#######.......#
##........#
##......#


You could see 2 wights.

Vanquished Creatures
  2 necrophages (D:4)
  2 scorpions (D:4)
  A wight (D:4)
  2 jellies (D:4)
  An iguana (D:3)
  2 adders (D:4)
  A white imp (D:4)
  A worm (D:3)
  2 dart slugs (D:4)
  5 orcs (D:4)
  2 endoplasms
  A giant cockroach (D:3)
  3 goblins
  3 hobgoblins (D:4)
  4 jackals (D:3)
  2 bats
  A kobold (D:4)
35 creatures vanquished.

Notes
Turn   | Place    | Note
-------+----------+-------------------------------------------
     0 | D:1      | hawla the Meteoran Ice Elementalist began the quest for the
                  | Orb.
     0 | D:1      | Reached XP level 1. HP: 14/14 MP: 5/5
    52 | D:3      | Reached XP level 2. HP: 5/20 MP: 0/6
   113 | D:3      | Reached skill level 5 in Ice Magic
   113 | D:3      | Reached XP level 3. HP: 26/26 MP: 6/8
   146 | D:3      | Reached XP level 4. HP: 33/33 MP: 5/10
   155 | D:3      | Learned a level 3 spell: Frozen Ramparts
   166 | D:4      | Noticed a scorpion
   175 | D:4      | Killed a scorpion
   176 | D:4      | Reached XP level 5. HP: 20/39 MP: 3/12
   254 | D:4      | Reached skill level 6 in Ice Magic
   254 | D:4      | Reached XP level 6. HP: 35/46 MP: 8/13
   302 | D:4      | Reached skill level 5 in Spellcasting
   496 | D:4      | Reached skill level 1 in Fighting
   496 | D:4      | Reached XP level 7. HP: 45/52 MP: 12/15
   501 | D:4      | Learned a level 4 spell: Hailstorm
   614 | D:4      | Reached skill level 1 in Conjurations
   821 | D:4      | HP: 2/49 [wight/+2 short sword (9)]
   821 | D:4      | Slain by a wight

Illustrated notes

Levels and vault maps discovered:
D:1:      minmay_arrival_jagged, layout_basic, grunt_decor_mini_mirrors
D:2:      layout_basic, serial_curves, eino_curves_02, eino_curves_01,
          minmay_misc_feat_cross, uniq_natasha
D:3:      layout_rooms, nicolae_ecumenical_lake_church, ebering_ghost_sewer_d,
          lightli_sewer_entry_pipes
D:4:      layout_layer_cave, nicolae_overflow_two_pavilions

Skill      XL: |  1  2  3  4  5  6  7 |
---------------+----------------------+-----
Spellcasting   | 3 4 5 |  5.3
Ice Magic      | 5 6 |  6.4
Dodging        | 3 |  3.4
Fighting       | 1 |  1.0
Conjurations   | 3 |  3.2
Long Blades    | |  0.5
Stealth        | |  1.4

Action                   |  1- 3 |  4- 6 |  7- 9 || total
-------------------------+-------+-------+-------++-------
Melee: Long sword        |       |    12 |     6 ||    18
 Cast: Freeze            |    23 |    17 |     4 ||    44
       Frozen Ramparts   |       |     6 |     5 ||    11
       Hailstorm         |       |       |     3 ||     3
  Use: Scroll            |     1 |       |     1 ||     2
       Potion            |     1 |       |       ||     1
Armor: Robe              |    10 |     4 |       ||    14
Dodge: Dodged            |    26 |    29 |     9 ||    64
